 Dungeon Crawl Stone Soup version 0.31-a0-1163-gcee99d1eea (webtiles) character file.

Game seed: 14052708031814122830

24028 Conn the Covert (level 13, -2/124 HPs)
             Began as an Octopode Fire Elementalist on Dec 9, 2023.
             Was an Elder of Sif Muna.
             Slain by a great orb of eyes (13 damage)
             ... on level 12 of the Dungeon on Dec 10, 2023.
             The game lasted 00:46:32 (12989 turns).

Conn the Covert (Octopode Fire Elementalist)       Turns: 12989, Time: 00:46:32

Health: -2/124     AC: 30    Str: 21    XL:     13   Next: 10%
Magic:  13/22      EV:  2    Int: 21    God:    Sif Muna [****..]
Gold:   749        SH:  0    Dex: 12    Spells: 6/24 levels left

rFire   + + .        n - +3 long sword (protect)
rCold   + + .        (no shield)
rNeg    . . .        O - melded +2 hat
rPois   +            k - amulet of magic regeneration
rElec   +            o - ring of flight
rCorr   +            s - +6 ring of strength
SInv    .            w - +4 ring of protection
Will    +....        C - ring of wizardry
Stlth   ++++         I - ring of protection from fire
HPRegen 0.40/turn    K - ring of willpower
MPRegen 0.58/turn    N - ring of protection from cold
                     P - +6 ring of strength

%: wizardry (x1)
@: mighty, tree-form, resistant, on berserk cooldown, slowed, very slow
A: stationary, stasis, torment immunity, boosted hp, almost no armour,
(amphibious), 8 rings, (camouflage 1), (gelatinous body 1), (nimble swimmer 1),
(tentacles)
a: Renounce Religion, Channel Magic, Forget Spell, Divine Exegesis


You were on level 12 of the Dungeon.
You worshipped Sif Muna.
Sif Muna was greatly pleased with you.
You were a tree.
You visited 2 branches of the dungeon, and saw 13 of its levels.
You also visited: Sewer and Ossuary.

You collected 749 gold pieces.

Inventory:

Hand Weapons
 d - a +0 heavy dagger
 n - a +3 long sword of protection (weapon)
Missiles
 L - 2 curare-tipped darts
Armour
 O - a +2 hat (melded)
Jewellery
 k - an amulet of magic regeneration (around neck)
 o - a ring of flight (left branch)
 s - a +6 ring of strength (right branch)
 w - a +4 ring of protection (on tentacle)
 y - a ring of see invisible
 C - a ring of wizardry (on tentacle)
 F - an amulet of faith
 I - a ring of protection from fire (on tentacle)
 K - a ring of willpower (on tentacle)
 N - a ring of protection from cold (on tentacle)
 P - a +6 ring of strength (on tentacle)
Wands
 e - a wand of mindburst (10)
 r - a wand of flame (17)
 u - a wand of roots (26)
 G - a wand of polymorph (19)
 J - a wand of light (13)
 M - a wand of digging (9)
Scrolls
 f - a scroll of fog
 h - 4 scrolls of amnesia
 i - 6 scrolls of teleportation
 j - 3 scrolls of poison
 l - a scroll of immolation
 E - a scroll of vulnerability
Potions
 a - a potion of magic
 b - a potion of mutation
 c - 9 potions of curing
 g - a potion of enlightenment
 m - a potion of brilliance
 B - 4 potions of cancellation
 Q - a potion of attraction {unknown}
Miscellaneous
 H - a phantom mirror


   Skills:
 + Level 6.2 Fighting
 - Level 5.6 Long Blades
 + Level 7.2 Dodging
 - Level 10.0 Stealth
 + Level 6.4 Spellcasting
 * Level 9.1 Conjurations
 - Level 6.0 Hexes
 - Level 5.0 Summonings
 * Level 7.7 Fire Magic
 * Level 9.4 Invocations


You had 6 spell levels left.
You knew the following spells:

 Your Spells              Type           Power      Damage    Failure   Level
a - Foxfire               Conj/Fire      100%       2x1d9     1%          1
b - Scorch                Fire           78%        2d8       1%          2
c - Inner Flame           Hex/Fire       35%        N/A       1%          3
d - Flame Wave            Conj/Fire      42%        2d11      1%          4
e - Summon Guardian Gole  Hex/Summ       29%        N/A       1%          3
f - Iskenderun's Battles  Conj           45%        2d10      2%          5

Your spell library contained the following spells:

 Spells                   Type           Power      Damage    Failure   Level
 Kiss of Death            Conj/Necr      100%       2d13      1%          1
 Slow                     Hex            100%       N/A       1%          1
 Confusing Touch          Hex            31%        N/A       1%          3
 Sigil of Binding         Hex            31%        N/A       1%          3
 Volatile Blastmotes      Fire/Tloc      44%        2d13      2%          3
 Necrotise                Necr           24%        1d5       4%          1
 Sublimation of Blood     Necr           6%         N/A       6%          2
 Wereblood                Tmut           6%         N/A       6%          2
 Anguish                  Hex/Necr       9%         N/A       11%         4
 Vampiric Draining        Necr           6%         2d6       12%         3
 Starburst                Conj/Fire      21%        6d7       17%         6
 Dispel Undead            Necr           6%         3d8       34%         4
 Summon Forest            Summ/Tloc      8%         N/A       34%         5
 Bombard                  Conj/Erth      13%        9d3       61%         6
 Plasma Beam              Fire/Air       11%        2x1d22    71%         6
 Orb of Destruction       Conj           22%        9d8       56%         7
 Spellforged Servitor     Conj/Summ      18%        N/A       83%         7
 Summon Hydra             Summ           13%        N/A       98%         7
 Malign Gateway           Summ/Tloc      8%         N/A       100%        7


Dungeon Overview and Level Annotations

Branches:
Dungeon (12/15)            Temple (1/1) D:4            Lair (0/5) D:11
    Orc (0/2) D:11          Sewer (visited)         Ossuary (visited)

Altars:
Ashenzari
Cheibriados
Dithmenos
Elyvilon
Fedhas
Gozag
Hepliaklqana
Kikubaaqudgha
Makhleb
Nemelex Xobeh
Okawaru
Qazlal
Ru
Sif Muna
Trog
Uskayaw
Vehumet
Wu Jian
Xom
Yredelemnul
Zin
The Shining One

Shops:
D:12 (

Portals:
Trove: D:10 (give 6 scrolls of fear)


Innate Abilities, Weirdness & Mutations

You are a tree.
Your roots penetrate the ground, keeping you stationary.
You cannot be teleported.
You are immune to unholy pain and torment.
Your maximum health is greatly increased.
You cannot wear most types of armour.
((You are amphibious.))
You can wear up to eight rings at the same time.
((Your skin changes colour to match your surroundings (Stealth+).))
((Your rubbery body absorbs attacks. (AC +1, EV +1)))
((You are camouflaged when in or above water. (Stealth+)))
((You have tentacles for arms and can constrict up to eight enemies at once.))


Message History

* * * LOW HITPOINT WARNING * * *
The boulder beetle stops rolling and uncurls.
You turn into a tree.
Your +2 hat melds into your body.
Your roots penetrate the ground.
Your enlightenment fades.
The boulder beetle bites you but does no damage.
Casting: Flame Wave (mildly dangerous; 1% risk of failure)
Confirm with . or Enter, or press ? or * to list all spells.
Casting: Flame Wave (mildly dangerous; 1% risk of failure)
Press: ? - help, Dir - look around, f - activate A wave of flame ripples out!
The flame wave engulfs the boulder beetle!
The boulder beetle is almost dead. (Press . to intensify the flame waves.)
The boulder beetle bites you but does no damage.
The boulder beetle bites you.
* * * LOW HITPOINT WARNING * * *
A wave of flame ripples out!
The flame wave engulfs the boulder beetle.
The boulder beetle is almost dead.
The boulder beetle bites you!
* * * LOW HITPOINT WARNING * * *
Unknown command.
Okay, then.
Unknown command.
Unknown command.
Unknown command.
Okay, then.
Unknown command.
Unknown command.
Unknown command.
A wave of flame ripples out!
The flame wave engulfs the boulder beetle!
You kill the boulder beetle!
Sif Muna accepts your kill.
The flame wave engulfs the great orb of eyes but does no damage.
You finish channelling waves of flame.
Unknown command.
You feel better. The great orb of eyes bites you!
You die...

....°............#.
.....B...##########
......○.........
##.....°...##.##
#..#.B....#
#.##..#.)##
#.##..#.[G# #
#.##.....(##.##..B
#♣#○.##.......D..#
#.G..#############
#.....##.# #.......
##∩...#.. #########


You could see a great orb of eyes.

Vanquished Creatures
  An ogre mage (D:12)
  3 boulder beetles
  3 two-headed ogres
  2 death yaks (D:11)
  Lodul (D:11)
  An obsidian statue (D:10)
  The ghost of tish the Summoner, a novice OpSu of Cheibriados (D:6)
  2 cyclopes
  2 manticores
  Joseph (D:7)
  Maggie (D:7)
  Jeremiah (D:6)
  5 trolls
  A hornet (D:9)
  Grinder (D:6)
  3 wyverns (D:8)
  2 shadows
  27 yaks
  A basilisk (D:12)
  7 vampire mosquitoes
  A steam dragon (D:7)
  4 acid dragons
  2 water moccasins
  An orc warrior (D:8)
  A sky beast (D:7)
  Pargi (Sewer)
  6 ogres
  A centaur (D:11)
  5 elf zombies (Ossuary)
  A brain worm (Sewer)
  2 kobold brigands
  Blork the orc (D:6)
  2 bullfrogs
  A gnoll sergeant (D:7)
  3 scorpions
  12 wights
  9 killer bees (D:8)
  3 howler monkeys (D:7)
  5 centaur zombies (Ossuary)
  2 human zombies (Ossuary)
  Crazy Yiuf (D:3)
  An orc priest (D:6)
  3 hounds (D:6)
  3 orc wizards
  2 sleepcaps
  3 iguanas (D:6)
  3 mummies (Ossuary)
  Robin (D:2)
  7 gnolls
  9 adders
  A shadow imp (D:5)
  A white imp (D:6)
  A worm (D:2)
  14 orcs
  16 bats
  5 endoplasms
  5 giant cockroaches
  19 goblins
  12 hobgoblins
  9 jackals
  16 kobolds
  6 quokkas
  6 ball pythons
  3 frilled lizards
  2 rats
278 creatures vanquished.

Vanquished Creatures (others)
  Gastronok (D:11)
  Erica (D:11)
  A death yak (D:11)
  A troll (D:11)
  2 yaks (D:11)
  5 vampire mosquitoes (D:12)
  543 foxfires
554 creatures vanquished.

Grand Total: 832 creatures vanquished

Notes
Turn   | Place    | Note
-------+----------+-------------------------------------------
     0 | D:1      | Conn the Octopode Fire Elementalist began the quest for the
                  | Orb.
     0 | D:1      | Reached XP level 1. HP: 11/11 MP: 3/3
   183 | D:1      | Reached XP level 2. HP: 17/17 MP: 5/5
   240 | D:1      | Reached skill level 3 in Stealth
   988 | D:1      | Reached XP level 3. HP: 18/21 MP: 6/6
   991 | D:1      | Learned a level 2 spell: Scorch
   995 | D:1      | Learned a level 3 spell: Inner Flame
  1868 | D:2      | Reached XP level 4. HP: 24/27 MP: 5/7
  1986 | D:2      | Noticed Robin
  2027 | D:2      | Killed Robin
  2437 | D:3      | Found a runed translucent door.
  2438 | D:3      | Noticed Crazy Yiuf
  2700 | D:3      | Found a glowing drain.
  2710 | Sewer    | Entered a sewer
  2714 | Sewer    | Reached skill level 1 in Hexes
  2731 | Sewer    | Noticed a brain worm
  2735 | Sewer    | Reached XP level 5. HP: 31/31 MP: 8/8
  2751 | Sewer    | Reached skill level 4 in Stealth
  2843 | Sewer    | Noticed Pargi
  2850 | Sewer    | Killed Pargi
  2851 | Sewer    | Reached XP level 6. HP: 36/36 MP: 4/10
  2968 | D:3      | Found a faded altar of an unknown god.
  3750 | D:3      | Killed Crazy Yiuf
  3911 | D:4      | Found a staircase to the Ecumenical Temple.
  3922 | Temple   | Entered the Ecumenical Temple
  3945 | Temple   | Became a worshipper of Sif Muna the Loreminder
  4093 | D:4      | Learned a level 4 spell: Flame Wave
  4137 | D:4      | Found a bloodstained altar of Trog.
  4427 | D:5      | Entered Level 5 of the Dungeon
  4512 | D:5      | Reached XP level 7. HP: 39/42 MP: 11/11
  4522 | D:5      | Reached skill level 1 in Invocations
  4524 | D:5      | Reached skill level 5 in Stealth
  4640 | D:5      | Found a sand-covered staircase.
  4645 | Ossuary  | Entered an ossuary
  4707 | Ossuary  | Reached skill level 1 in Fighting
  4707 | Ossuary  | Reached skill level 1 in Long Blades
  4746 | Ossuary  | Reached * piety under Sif Muna
  4747 | Ossuary  | Reached XP level 8. HP: 48/48 MP: 13/13
  5239 | D:6      | Identified the +4 robe "Veceu" {Dex+6}
  5266 | D:6      | Found a runed translucent door.
  5273 | D:6      | Noticed tish's ghost (novice OpSu)
  5337 | D:6      | Learned a level 3 spell: Summon Guardian Golem
  5358 | D:6      | Killed tish's ghost
  5359 | D:6      | Reached skill level 6 in Stealth
  5443 | D:6      | Reached skill level 1 in Summonings
  5443 | D:6      | Reached XP level 9. HP: 55/55 MP: 15/15
  5527 | D:6      | Noticed Blork the orc
  5574 | D:6      | Noticed Grinder
  5578 | D:6      | Killed Grinder
  5579 | D:6      | Reached skill level 5 in Conjurations
  5674 | D:6      | Reached skill level 5 in Fire Magic
  5683 | D:6      | Noticed Jeremiah
  5698 | D:6      | Killed Jeremiah
  5886 | D:6      | Killed Blork the orc
  5886 | D:6      | Reached ** piety under Sif Muna
  6273 | D:7      | Reached skill level 5 in Invocations
  6306 | D:7      | Reached skill level 7 in Stealth
  6458 | D:7      | Noticed Joseph
  6466 | D:7      | Killed Joseph
  6467 | D:7      | Reached XP level 10. HP: 48/63 MP: 7/16
  6542 | D:7      | Reached skill level 5 in Dodging
  6631 | D:7      | Noticed Maggie
  6637 | D:7      | Killed Maggie
  7234 | D:7      | Learned a level 5 spell: Iskenderun's Battlesphere
  8066 | D:8      | Noticed a manticore
  8082 | D:8      | HP: 1/63 [manticore (17)]
  8083 | D:8      | Killed a manticore
  8391 | D:8      | Reached skill level 5 in Spellcasting
  8677 | D:9      | Reached *** piety under Sif Muna
  8678 | D:9      | Reached XP level 11. HP: 69/69 MP: 11/18
  8709 | D:9      | Reached skill level 8 in Stealth
  8740 | D:9      | Noticed a two-headed ogre
  8747 | D:9      | Killed a two-headed ogre
  8758 | D:9      | Paralysed by a hornet for 3 turns
  9442 | D:10     | Entered Level 10 of the Dungeon
  9448 | D:10     | Reached skill level 5 in Hexes
  9776 | D:10     | Noticed an obsidian statue
 10054 | D:10     | Killed an obsidian statue
 10106 | D:10     | Got the Omnibus of Profane Arts and the Swarm
 10209 | D:10     | Found a portal to a secret trove of treasure.
 10567 | D:11     | Noticed a cyclops
 10577 | D:11     | Killed a cyclops
 10578 | D:11     | Reached skill level 5 in Fighting
 10750 | D:11     | Noticed Lodul
 10752 | D:11     | Reached skill level 5 in Long Blades
 10759 | D:11     | Killed Lodul
 10759 | D:11     | Reached **** piety under Sif Muna
 10946 | D:11     | Noticed Erica
 10948 | D:11     | Noticed a death yak
 10949 | D:11     | Noticed a death yak
 10950 | D:11     | Noticed a death yak
 11224 | D:11     | Killed a death yak
 11225 | D:11     | Reached skill level 9 in Stealth
 11225 | D:11     | Reached XP level 12. HP: 15/77 MP: 1/20
 11526 | D:11     | Noticed a boulder beetle
 11534 | D:11     | Killed Erica
 11538 | D:11     | Killed a boulder beetle
 11766 | D:11     | Noticed Gastronok
 11774 | D:11     | Killed Gastronok
 11827 | D:11     | Killed a death yak
 12015 | D:11     | Killed a death yak
 12154 | D:11     | Noticed a two-headed ogre
 12163 | D:11     | Killed a two-headed ogre
 12277 | D:11     | Found a staircase to the Lair.
 12406 | D:11     | Found a staircase to the Orcish Mines.
 12558 | D:12     | Reached skill level 5 in Summonings
 12559 | D:12     | Noticed a two-headed ogre
 12584 | D:12     | Killed a two-headed ogre
 12770 | D:12     | Noticed a boulder beetle
 12793 | D:12     | Killed a boulder beetle
 12911 | D:12     | Noticed a boulder beetle
 12939 | D:12     | Noticed an ogre mage
 12942 | D:12     | Killed an ogre mage
 12943 | D:12     | Reached skill level 10 in Stealth
 12943 | D:12     | Reached XP level 13. HP: 30/83 MP: 2/22
 12981 | D:12     | Noticed a great orb of eyes
 12982 | D:12     | Found Wanonet's Antique Weapon Shop.
 12987 | D:12     | HP: 4/124 [boulder beetle (11)]
 12989 | D:12     | Slain by a great orb of eyes

Illustrated notes

Levels and vault maps discovered:
D:1:      minmay_arrival_four_houses, layout_basic
D:2:      layout_basic, uniq_robin
D:3:      layout_basic, basic_ecumenical_altar, portal_sewer_entry_d,
          uniq_crazy_yiuf_cottage
D:4:      layout_basic, lemuel_coloured_pillars_altar,
          minmay_temple_entry_junction
D:5:      layout_basic, lightli_ossuary_entry_decrepit_ruins
D:6:      layout_loops_ring, hellmonk_ghost_happy_afterlife, uniq_blork_the_orc,
          uniq_jeremiah, uniq_grinder
D:7:      layout_basic, grunt_decor_arrowhead, uniq_maggie, uniq_joseph
D:8:      layout_basic
D:9:      layout_gridville
D:10:     layout_basic, nicolae_trove_entry_isolated, minivault_15,
          nicolae_lava_and_water
D:11:     layout_long_grid, dpeg_lair_monsters, orc_0_dummy, serial_park_tiny_1,
          uniq_gastronok, uniq_erica, uniq_lodul
D:12:     minmay_tile_spiral, layout_cave_pools, serial_shops, shop
Temple:   regret_index_temple_sigil_plot

Skill      XL: |  1  2  3  4  5  6  7  8  9 10 11 12 |
---------------+-------------------------------------+-----
Stealth        | 3 4 5 6 7 9 10 | 10.0
Conjurations   | 2 3 4 5 6 7 9 |  9.1
Hexes          | 1 2 3 4 5 6 |  6.0
Dodging        | 3 4 5 6 7 |  7.2
Spellcasting   | 3 4 5 6 |  6.4
Fire Magic     | 4 5 6 7 |  7.7
Invocations    | 2 3 5 6 7 9 |  9.4
Fighting       | 1 2 3 4 5 6 |  6.2
Long Blades    | 1 2 3 4 5 |  5.6
Summonings     | 1 2 3 4 5 |  5.0

Action                     |  1- 3 |  4- 6 |  7- 9 | 10-12 | 13-15 || total
---------------------------+-------+-------+-------+-------+-------++-------
  Melee: Dagger            |    27 |    16 |       |       |       ||    43
         Tentacles         |     6 |    17 |    34 |    13 |       ||    70
         Constrict         |     5 |    24 |    18 |     3 |       ||    50
         Long sword        |       |    60 |   109 |    38 |    17 ||   224
         Punch             |       |       |     3 |     2 |       ||     5
   Cast: Foxfire           |    53 |    49 |    59 |   163 |     1 ||   325
         Scorch            |     4 |     3 |    27 |    90 |     1 ||   125
         Inner Flame       |       |     2 |    16 |    49 |       ||    67
         Summon Guardian G |       |       |     1 |    15 |       ||    16
         Flame Wave        |       |       |     1 |    32 |     3 ||    36
         Iskenderun's Batt |       |       |       |     4 |     1 ||     5
  Evoke: Wand              |       |       |       |       |     1 ||     1
    Use: Scroll            |       |     1 |       |    19 |     1 ||    21
         Potion            |       |       |       |    11 |     5 ||    16
   Stab: Sleeping          |     6 |    10 |     3 |       |       ||    19
         Distracted        |       |       |       |     1 |       ||     1
 Armour: Skin              |    15 |    30 |    69 |   136 |    32 ||   282
  Dodge: Dodged            |    29 |    48 |    82 |   134 |     1 ||   294

Table legend: (Time is in decaauts)
 A = Elapsed time spent in this place.
 B = Non-inter-level travel time spent in this place.
 C = Inter-level travel time spent in this place.
 D = Time resting spent in this place.
 E = Time spent auto-exploring this place.
 F = Levels seen in this place.
 G = Mean time per level.
                   A        B        C        D        E       F      G
               +--------+--------+--------+--------+--------+-----+--------+
         Total |  13058 |  12698 |    360 |    747 |   8372 |  15 |  870.5 |
       Dungeon |  12580 |  12261 |    319 |    747 |   8184 |  12 | 1048.3 |
        Temple |     46 |      5 |     41 |      0 |      0 |   1 |   46.0 |
         Sewer |    215 |    215 |      0 |      0 |     98 |   1 |  215.0 |
       Ossuary |    215 |    215 |      0 |      0 |     90 |   1 |  215.0 |
               +--------+--------+--------+--------+--------+-----+--------+

Top non-repeatable levels by time:
    D:10: 1812 daAuts
     D:8: 1293 daAuts
     D:3: 1282 daAuts
     D:1: 1179 daAuts
    D:11: 1176 daAuts
     D:2: 1167 daAuts
     D:9: 1045 daAuts
     D:6: 1028 daAuts
     D:7: 1018 daAuts
     D:5: 593 daAuts
     D:4: 552 daAuts
    D:12: 431 daAuts
 Ossuary: 215 daAuts
   Sewer: 215 daAuts
  Temple: 46 daAuts
